 Dungeon Crawl Stone Soup version 0.28-a0-95-g65e1ffefe4 (webtiles) character file.

Game seed: 18156445507451735166

5804 HAL9000 the Covert (level 10, -1/53 HPs)
             Began as a Vine Stalker Brigand on Aug 8, 2021.
             Was a Follower of Uskayaw.
             Succumbed to a hornet's poison
             ... on level 8 of the Dungeon.
             The game lasted 00:14:43 (10668 turns).

HAL9000 the Covert (Vine Stalker Brigand)          Turns: 10668, Time: 00:14:43

Health: -1/53      AC:  5    Str: 17    XL:     10   Next: 79%
Magic:  2/11       EV: 11    Int: 12    God:    Uskayaw [*.....]
Gold:   489        SH:  0    Dex: 15    Spells: 6/9 levels left

rFire   . . .      SeeInvis .   K - +2 dagger (elec)
rCold   . . .      Faith    .   (no shield)
rNeg    . . .      Spirit   +   b - +0 robe
rPois   .          Reflect  .   h - +1 hat
rElec   .          Harm     .   c - +0 cloak
rCorr   .          Rampage  .   A - +0 pair of gloves
Will    +....                   (no boots)
Stlth   +++++.....              (no amulet)
HPRegen 1.17/turn               (no ring)
MPRegen 0.12/turn               (no ring)

@: lethally poisoned (-1 -> -11), slowed, very slow
A: fangs 3, regeneration 1, magic shield, antimagic bite, no potion heal 2
a: Renounce Religion, Stomp


You were on level 8 of the Dungeon.
You worshipped Uskayaw.
Uskayaw was noncommittal.
You visited 2 branches of the dungeon, and saw 10 of its levels.
You also visited: Ossuary.

You collected 489 gold pieces.

Inventory:

Hand Weapons
 E - a +3 dagger
 H - a +0 vorpal hand crossbow
 K - a +2 dagger of electrocution (weapon)
Missiles
 d - 33 poisoned darts (quivered)
 s - a curare-tipped dart
 I - 97 bolts
Armour
 b - a +0 robe (worn)
 c - a +0 cloak (worn)
 h - a +1 hat (worn)
 A - a +0 pair of gloves (worn)
Jewellery
 l - a ring of ice
 o - a ring of magical power
 B - a ring of protection from cold
 F - a ring of fire
 J - a ring of poison resistance
Wands
 a - a wand of flame (3)
 e - a wand of digging (2)
 D - a wand of polymorph (8)
Scrolls
 m - 2 scrolls of identify
 p - a scroll of torment {unknown}
 q - 2 scrolls of teleportation
 r - 2 scrolls of magic mapping {unknown}
 t - 2 scrolls of fear {unknown}
 y - a scroll of fog
 z - 2 scrolls of enchant armour {unknown}
 C - a scroll of blinking {unknown}
 G - 2 scrolls of holy word {unknown}
Potions
 f - 2 potions of lignification {unknown}
 g - 3 potions of flight {unknown}
 i - 3 potions of ambrosia
 j - a potion of might {unknown}
 k - 3 potions of mutation
 n - 3 potions of curing
 u - a potion of invisibility {unknown}
 v - 3 potions of attraction {unknown}
 w - 3 potions of haste {unknown}
 x - a potion of magic {unknown}


   Skills:
 - Level 6.2 Fighting
 - Level 8.0 Short Blades
 - Level 4.0 Throwing
 - Level 0.7 Dodging
 - Level 13.0 Stealth
 + Level 5.1 Hexes


You had 6 spell levels left.
You knew the following spells:

 Your Spells              Type           Power      Damage    Failure   Level
a - Confusing Touch       Hex            12%        N/A       12%         3

Your spell library contained the following spells:

 Spells                   Type           Power      Damage    Failure   Level
 Slow                     Hex            12%        N/A       6%          2
 Vampiric Draining        Necr           0%         2d6       69%         3
 Petrify                  Tmut/Erth      0%         N/A       97%         4
 Metabolic Englaciation   Hex/Ice        3%         N/A       97%         5
 Statue Form              Tmut/Erth      0%         N/A       100%        6


Dungeon Overview and Level Annotations

Branches:
Dungeon (9/15)             Temple (1/1) D:5         Ossuary (visited)
   Lair: D:8-11         Orc: D:9-12

Altars:
Ashenzari
Cheibriados
Dithmenos
Elyvilon
Fedhas
Gozag
Hepliaklqana
Kikubaaqudgha
Makhleb
Nemelex Xobeh
Okawaru
Qazlal
Ru
Sif Muna
Trog
Uskayaw
Vehumet
Wu Jian
Xom
Yredelemnul
Zin
The Shining One

Shops:
D:8 **


Innate Abilities, Weirdness & Mutations

You have razor-sharp teeth.
Your natural rate of healing is unusually fast.
When hurt, damage is shared between your health and your magic reserves.
Your bite disrupts and absorbs the magic of your enemies.
Potions cannot restore your health.


Message History

The kobold brigand throws a poisoned dart.
The poisoned dart hits you!
You are more poisoned.
You feel very sick. The quokka misses you.
You feel very sick.
You feel sick.
You feel sick.
You feel sick.
You feel sick. The quokka bites you.
You feel sick.
You feel sick.
You feel sick. The hornet stings you!
You are more poisoned.
You feel yourself slow down.
You feel very sick. The hornet barely misses you. The quokka barely misses you.
You feel yourself speed up.
You feel sick.
The hornet stings you but does no damage.
The quokka barely misses you.
There is a stone staircase leading up here.
You feel sick. The hornet barely misses you. The hornet stings you!
You are more poisoned.
You suddenly lose the ability to move!
The quokka bites you but does no damage.
You feel very sick. The hornet barely misses you.
The quokka bites you but does no damage.
You feel very sick. The hornet stings you!
You are more poisoned.
You feel yourself slow down. The quokka bites you.
* * * LOW HITPOINT WARNING * * *
The hornet stings you!
* * * LOW HITPOINT WARNING * * *
You feel as though you will be slow longer.
You can move again.
You climb upwards.
You die...

#.#..########................#...
##.)(..>.........####.#####....#⌠
#.#(.########.##.####.## #.##.##
...).### #.#...##...####.##.##
#.##...######........#...........
#.##.#............##...####.##.##
...#.#.###.###.#.####.## ##.##.#
.....#.##...##.#r# #.####...#.#
.......#.....#.y@# #..........#
.(..#.....#....### ######...###
...###[#....)#.####### ##.##
.......##...##.).....# #.# ##
.###.#####.#####.###.# #.# #.
.#.....#.....#⌠...⌠#.# #.# #.
.#.....#.8.8.#.....#.# #.# #.
..........8.....⌠)...# #.# #.
.#.....#.8.8.#.....#.# #.####.


You could see a hornet and a quokka.

Vanquished Creatures
  A boulder beetle (D:8)
  Pikel (D:6)
  A basilisk (D:8)
  Grum (D:8)
  2 water moccasins
  3 orc warriors
  2 black bears (D:5)
  An ice beast (D:4)
  3 sky beasts
  3 wolves (D:8)
  2 centaurs
  An ogre (D:4)
  3 kobold brigands
  2 lemures (D:6)
  2 bullfrogs
  A wyvern zombie (D:8)
  4 scorpions
  10 killer bees (D:8)
  14 wights
  4 centaur zombies
  3 jellies
  A human zombie (Ossuary)
  2 orc priests
  Crazy Yiuf (D:3)
  2 hounds
  5 orc wizards
  4 iguanas
  A killer bee zombie (D:8)
  4 mummies (Ossuary)
  2 howler monkey zombies
  Robin (D:4)
  5 adders
  2 shadow imps
  A white imp (D:6)
  2 ufetubi
  An adder zombie (D:3)
  An adder skeleton (D:4)
  A worm (D:2)
  5 dart slugs
  15 orcs
  5 ball pythons
  4 endoplasms
  A giant cockroach (D:1)
  11 hobgoblins
  23 kobolds
  2 quokkas (D:2)
  9 bats
  7 frilled lizards
  A gnoll zombie (Ossuary)
  14 goblins
  A goblin zombie (Ossuary)
  3 hobgoblin zombies (Ossuary)
  5 rats
206 creatures vanquished.

Notes
Turn   | Place    | Note
-------+----------+-------------------------------------------
     0 | D:1      | HAL9000 the Vine Stalker Brigand began the quest for the
                  | Orb.
     0 | D:1      | Reached XP level 1. HP: 11/11 MP: 2/2
   226 | D:1      | Reached XP level 2. HP: 3/15 MP: 3/3
   592 | D:1      | Found a faded altar of an unknown god.
   993 | D:1      | Reached XP level 3. HP: 18/18 MP: 4/4
  2424 | D:2      | Gained mutation: Your natural rate of healing is unusually
                  | fast. [Vine Stalker growth]
  2424 | D:2      | Reached XP level 4. HP: 23/23 MP: 5/5
  3023 | D:3      | Noticed an orc warrior
  3095 | D:3      | Reached skill level 5 in Stealth
  3191 | D:3      | Killed an orc warrior
  3192 | D:3      | Reached skill level 6 in Stealth
  3192 | D:3      | Reached XP level 5. HP: 26/26 MP: 6/6
  3269 | D:3      | Found a runed translucent door.
  3270 | D:3      | Noticed Crazy Yiuf
  3656 | D:3      | Killed Crazy Yiuf
  3657 | D:3      | Reached XP level 6. HP: 30/30 MP: 7/7
  3813 | D:4      | Found a sand-covered staircase.
  3840 | Ossuary  | Entered an ossuary
  4178 | Ossuary  | Reached skill level 7 in Stealth
  4342 | D:4      | Noticed Robin
  4366 | D:4      | Killed Robin
  4467 | D:4      | Noticed an ice beast
  4579 | D:4      | Killed an ice beast
  4580 | D:4      | Reached XP level 7. HP: 34/34 MP: 8/8
  5339 | D:5      | Entered Level 5 of the Dungeon
  5397 | D:5      | Reached skill level 5 in Short Blades
  5397 | D:5      | Reached skill level 8 in Stealth
  5407 | D:5      | Found an iron altar of Okawaru.
  5880 | D:5      | Gained mutation: You have razor-sharp teeth. [Vine Stalker
                  | growth]
  5880 | D:5      | Reached XP level 8. HP: 38/38 MP: 9/9
  6090 | D:5      | Found a staircase to the Ecumenical Temple.
  6217 | Temple   | Entered the Ecumenical Temple
  6374 | Temple   | Became a worshipper of Uskayaw the Reveller
  6474 | D:5      | Reached * piety under Uskayaw
  6571 | D:6      | Noticed Pikel
  6659 | D:6      | Reached ** piety under Uskayaw
  6663 | D:6      | Killed Pikel
  6664 | D:6      | Reached skill level 9 in Stealth
  6804 | D:6      | Reached *** piety under Uskayaw
  6805 | D:6      | Reached XP level 9. HP: 35/42 MP: 6/10
  7111 | D:6      | Reached skill level 10 in Stealth
  8038 | D:7      | Reached skill level 11 in Stealth
  9104 | D:8      | Found Xotyly's General Store.
  9108 | D:8      | Found Buczash's Specific Store.
  9112 | D:8      | Reached skill level 12 in Stealth
  9136 | D:8      | Reached **** piety under Uskayaw
  9140 | D:8      | Reached XP level 10. HP: 17/51 MP: 7/11
  9141 | D:8      | Reached ***** piety under Uskayaw
  9612 | D:8      | Noticed a boulder beetle
  9640 | D:8      | Reached skill level 13 in Stealth
  9644 | D:8      | Learned a level 3 spell: Confusing Touch
  9675 | D:8      | Killed a boulder beetle
  9753 | D:8      | Reached skill level 1 in Hexes
 10166 | D:9      | Noticed Grum
 10166 | D:9      | Noticed a death yak
 10169 | D:9      | Noticed a death yak
 10195 | D:8      | HP: 1/53 [wolf[Grum] (7)]
 10453 | D:8      | Killed Grum
 10622 | D:9      | Reached skill level 5 in Hexes
 10665 | D:9      | Paralysed by a hornet for 3 turns
 10668 | D:8      | Succumbed to a hornet's poison

Illustrated notes

Levels and vault maps discovered:
D:1:      dpeg_arrival_triangle_fractal, layout_basic,
          hellmonk_ecumenical_altar_heavens_door
D:2:      layout_rooms, kennysheep_generic_room_9
D:3:      layout_loops_ring, uniq_crazy_yiuf_cottage
D:4:      layout_basic, enter_ossuary_1, uniq_robin
D:5:      layout_loops_ring, okawaru_ov_weapons_minmay,
          minmay_temple_entry_hall, hangedman_abyss_or_decor_stagger
D:6:      layout_basic, uniq_pikel
D:7:      layout_basic, minmay_hedge_maze
D:8:      layout_loops_ring, grunt_ministairs_10, nicolae_specific_store,
          minmay_chambers_of_fives
D:9:      layout_cave_pools, dpeg_lair_monsters, uniq_grum
Temple:   kilobyte_greek_temple

Skill      XL: |  1  2  3  4  5  6  7  8  9 10 |
---------------+-------------------------------+-----
Throwing       | 2 3 4 |  4.0
Short Blades   | 2 3 4 5 7 8 |  8.0
Stealth        | 6 7 8 9 12 13 | 13.0
Fighting       | 4 6 |  6.2
Hexes          | 5 |  5.1
Dodging        | |  0.7

Action                   |  1- 3 |  4- 6 |  7- 9 | 10-12 || total
-------------------------+-------+-------+-------+-------++-------
Melee: Dagger            |   111 |   174 |   335 |   123 ||   743
       Bite              |    27 |    54 |   108 |    36 ||   225
 Fire: Hand crossbow     |       |       |    11 |       ||    11
Throw: Dart              |    20 |    26 |    29 |     8 ||    83
Evoke: Wand              |       |       |       |     2 ||     2
  Use: Scroll            |       |     3 |     2 |       ||     5
       Potion            |       |       |       |     1 ||     1
 Stab: Sleeping          |     2 |     8 |    11 |     5 ||    26
       Distracted        |       |       |     3 |     2 ||     5
       Paralysed         |       |       |     5 |     5 ||    10
Armor: Robe              |    34 |    38 |    73 |    30 ||   175
Dodge: Dodged            |    61 |    68 |   136 |    69 ||   334

Table legend: (Time is in decaauts)
 A = Elapsed time spent in this place.
 B = Non-inter-level travel time spent in this place.
 C = Inter-level travel time spent in this place.
 D = Time resting spent in this place.
 E = Time spent auto-exploring this place.
 F = Levels seen in this place.
 G = Mean time per level.
                   A        B        C        D        E       F      G
               +--------+--------+--------+--------+--------+-----+--------+
         Total |  10463 |   9731 |    732 |   1706 |   6060 |  11 |  951.2 |
       Dungeon |   9901 |   9204 |    697 |   1590 |   5781 |   9 | 1100.1 |
        Temple |    193 |    158 |     35 |      0 |    154 |   1 |  193.0 |
       Ossuary |    368 |    368 |      0 |    116 |    125 |   1 |  368.0 |
               +--------+--------+--------+--------+--------+-----+--------+

Top non-repeatable levels by time:
     D:1: 1863 daAuts
     D:8: 1481 daAuts
     D:6: 1270 daAuts
     D:7: 1241 daAuts
     D:4: 1177 daAuts
     D:2: 979 daAuts
     D:3: 929 daAuts
     D:5: 891 daAuts
 Ossuary: 368 daAuts
  Temple: 193 daAuts
     D:9: 66 daAuts
